 Dungeon Crawl Stone Soup version 0.26-a0-8-gc4d20be (webtiles) character file.

Game seed: 6014972517632348982, levelgen mode: deterministic

997 thirtiethelement the Slasher (level 7, -5/82 HPs)
             Began as a Demonspawn Abyssal Knight on May 24, 2020.
             Was a Priest of Lugonu.
             Slain by an iguana (6 damage)
             ... on level 4 of the Dungeon.
             The game lasted 00:23:09 (4845 turns).

thirtiethelement the Slasher (DsAK)                 Turns: 4845, Time: 00:23:09

Health: -5/82      AC: 23    Str: 21    XL:     7   Next: 99%
Magic:  8/8        EV:  2    Int: 21    God:    Lugonu [***...]
Gold:   192        SH:  0    Dex: 12    Spells: 6/6 levels left

rFire    + . .     SeeInvis +   d - +0 great sword (flame)
rCold    . . .     Gourm    .   (shield currently unavailable)
rNeg     + + +     Faith    .   (armour currently unavailable)
rPois    +         Spirit   .   (helmet currently unavailable)
rElec    .         Reflect  .   (cloak currently unavailable)
rCorr    .         Harm     .   (gloves currently unavailable)
MR       +....     NoTele   +   (boots currently unavailable)
Stlth    ++........             (no amulet)
HPRegen  0.23/turn              q - ring of see invisible
MPRegen  0.11/turn              i - ring "Zoihibla" {*Contam rF+ MR+ Str+6 Int+8}

@: tree-form
A: no striking features
a: Depart the Abyss, Bend Space, Banish, Renounce Religion


You were on level 4 of the Dungeon.
You worshipped Lugonu.
Lugonu was most pleased with you.
You were not hungry.
You were a tree.
You visited 1 branch of the dungeon, and saw 4 of its levels.
You visited the Abyss 1 time.

You collected 192 gold pieces.

Inventory:

Hand Weapons
 d - a +0 great sword of flaming (weapon)
Armour
 h - a +0 ring mail (melded)
 r - a +0 pair of boots (melded)
Jewellery
 g - an uncursed ring of ice
 i - the ring "Zoihibla" (right branch) {*Contam rF+ MR+ Str+6 Int+8}
   (You acquired it on level 1 of the Dungeon)

   [ring of strength]

   It affects your strength (+6).
   It affects your intelligence (+8).
   It protects you from fire.
   It affects your resistance to hostile enchantments.
   It causes magical contamination when unequipped.
 q - a ring of see invisible (left branch)
Wands
 j - a wand of flame (21)
 n - a wand of paralysis (8)
 p - a wand of iceblast (14)
Scrolls
 o - a scroll of remove curse
Potions
 b - a potion of degeneration {unknown}
 e - a potion of resistance
 f - 3 potions of lignification
 k - 2 potions of brilliance {unknown}
 l - a potion of might {unknown}
 m - a potion of curing {unknown}
Comestibles
 c - 5 rations


   Skills:
 + Level 4.8 Fighting
 + Level 6.4 Long Blades
 + Level 3.9 Armour
 + Level 2.2 Dodging
 + Level 1.1 Stealth
 + Level 2.6 Invocations


You had 6 spell levels left.
You didn't know any spells.
Your spell library was empty.

Dungeon Overview and Level Annotations

Branches:
Dungeon (4/15)
 Temple: D:4-7

Altars:
Wu Jian
Yredelemnul


Innate Abilities, Weirdness & Mutations

((You have a pair of small antennae on your head.))
((You are partially covered in large bone plates. (SH +4)))


Message History

The iguana bites you but does no damage.
The giant cockroach bites you but does no damage.
You hit the iguana but do no damage.
The giant cockroach bites you but does no damage.
The iguana barely misses you.
You riposte.
You hit the iguana but do no damage. You closely miss the iguana.
The giant cockroach bites you but does no damage.
The iguana bites you but does no damage.
The giant cockroach bites you but does no damage.
You slash the iguana! You burn the iguana.
The iguana is severely wounded.
The iguana bites you.
* * * LOW HITPOINT WARNING * * *
The giant cockroach barely misses you.
You riposte.
You slice the giant cockroach!! You burn the giant cockroach.
You kill the giant cockroach!
Lugonu accepts your kill.
The orc priest hits you but does no damage.
The iguana bites you.
You die...

##..###.......................##.
##..#....##....................#.
.#.......#...................##..
#.....##.........................
##....###........................
#.....##...............o........
#.##.........#.....##....##.....
#.# ##...[......oo.##...####....
##.#####........♣l.......# #....
#.....###........o(##....## #....
#..........##......###....###....
##..####..###......###..........#
##.## ##.## ##......##..###.....#
##.####..# #...).....## ##...##
##..##..## ####...)....# #...#
##.......# #............. #....#
#........###............. .....#


You could see an iguana, an orc priest and 2 orcs.

Vanquished Creatures
  Sigmund (D:3)
  The ghost of kazak the Ruffian, an amateur DrEn of Cheibriados (D:3)
  An ogre (D:4)
  The ghost of Cycle the Chiller, an amateur OpIE (D:3)
  The ghost of Cheivey the Magician, an amateur DEFE (D:3)
  The ghost of FishTaco the Digger, a weakling DEEE (D:3)
  5 orc priests (D:4)
  A hound (D:4)
  2 iguanas
  A worker ant (D:4)
  3 gnolls (D:4)
  8 adders
  A worm (D:3)
  3 leopard geckos (D:4)
  19 orcs
  2 giant cockroaches
  7 goblins
  5 hobgoblins
  6 jackals (D:1)
  8 kobolds
  4 quokkas
  A ball python (D:4)
  10 bats
  2 frilled lizards
  9 rats
  A withered plant (D:2)
104 creatures vanquished.

Notes
Turn   | Place    | Note
-------+----------+-------------------------------------------
     0 | Abyss:1  | thirtiethelement the Demonspawn Abyssal Knight began the
                  | quest for the Orb.
     0 | Abyss:1  | Reached XP level 1. HP: 18/18 MP: 2/2
    79 | Abyss:3  | Noticed a neqoxec
   105 | Abyss:3  | Noticed a thrashing horror
   106 | Abyss:3  | Noticed a wretched star
   111 | D:1      | Escaped the Abyss
   113 | D:1      | Identified 2 scrolls of acquirement
   115 | D:1      | Got the ring "Zoihibla" {*Contam rF+ MR+ Str+6 Int+8}
   337 | D:1      | Reached skill level 2 in Long Blades
   451 | D:1      | Reached * piety under Lugonu
   484 | D:1      | Gained mutation: You are partially covered in large bone
                  | plates. (SH +4) [demonic ancestry]
   484 | D:1      | Reached XP level 2. HP: 24/24 MP: 3/3
  1119 | D:1      | Reached XP level 3. HP: 25/30 MP: 4/4
  1775 | D:2      | Reached skill level 1 in Dodging
  1808 | D:2      | Found a basalt altar of Yredelemnul.
  2113 | D:2      | Reached ** piety under Lugonu
  2120 | D:2      | Reached skill level 3 in Long Blades
  2120 | D:2      | Reached XP level 4. HP: 31/37 MP: 5/5
  2624 | D:3      | Found a runed translucent gate.
  2624 | D:3      | Found a runed translucent gate.
  2624 | D:3      | Found a runed translucent gate.
  2624 | D:3      | Noticed Cheivey's ghost (amateur DEFE)
  2625 | D:3      | Noticed FishTaco's ghost (weakling DEEE)
  2625 | D:3      | Noticed Cycle's ghost (amateur OpIE)
  2625 | D:3      | Noticed kazak's ghost (amateur DrEn)
  2689 | D:3      | Noticed Sigmund
  2699 | D:3      | Killed Sigmund
  2699 | D:3      | Reached skill level 4 in Long Blades
  2699 | D:3      | Reached XP level 5. HP: 25/42 MP: 6/6
  2916 | D:3      | Reached XP level 6. HP: 48/48 MP: 7/7
  3142 | D:3      | Killed kazak's ghost
  3170 | D:3      | Killed Cycle's ghost
  3181 | D:3      | Killed Cheivey's ghost
  3181 | D:3      | Reached skill level 5 in Long Blades
  3181 | D:3      | Gained mutation: You have a pair of small antennae on your
                  | head. [demonic ancestry]
  3181 | D:3      | Reached XP level 7. HP: 35/55 MP: 8/8
  3182 | D:3      | Killed FishTaco's ghost
  3353 | D:4      | Identified the cursed +3 war axe of the Wolf {vorpal,
                  | Str+5} (You found it on level 4 of the Dungeon)
  3660 | D:4      | Reached skill level 6 in Long Blades
  3674 | D:4      | Found an ornate altar of the Wu Jian Council.
  4201 | D:4      | Reached skill level 1 in Stealth
  4202 | D:4      | Reached *** piety under Lugonu
  4840 | D:4      | HP: 2/55 [orc priest/divine providence (13)]
  4845 | D:4      | HP: 1/82 [iguana (3)]
  4845 | D:4      | Slain by an iguana

Illustrated notes

Levels and vault maps discovered:
D:1:      minmay_arrival_jagged, layout_basic
D:2:      layout_loops_corners, yredelemnul_altar_generic
D:3:      layout_rooms, gammafunk_ghost_cemetery, uniq_sigmund
D:4:      layout_layer_cave, kennysheep_mini_moat

Skill      XL: |  1  2  3  4  5  6  7 |
---------------+----------------------+-----
Long Blades    | 2 3 4 5 6 |  6.4
Armour         | 2 3 |  3.9
Dodging        | 1 2 |  2.2
Fighting       | 4 |  4.8
Stealth        | 1 |  1.1
Invocations    | |  2.6

Action                   |  1- 3 |  4- 6 |  7- 9 || total
-------------------------+-------+-------+-------++-------
Melee: Great sword       |   107 |    97 |    93 ||   297
Invok: Depart the Abyss  |     1 |       |       ||     1
       Bend Space        |       |       |     1 ||     1
  Use: Scroll            |     7 |     3 |     2 ||    12
       Potion            |       |       |     4 ||     4
 Stab: Sleeping          |     1 |       |       ||     1
  Eat: Ration            |     2 |     1 |     1 ||     4
Armor: Leather armour    |    28 |       |       ||    28
       Ring mail         |    14 |    38 |    33 ||    85
       Skin              |       |       |     9 ||     9
Dodge: Dodged            |    86 |    73 |    65 ||   224
Block: Other             |    23 |    19 |    22 ||    64
       Rpst.: Great sword |    31 |    26 |    16 ||    73

Table legend:
 A = Non-vault XP
 B = Vault XP
 C = Vault XP percentage of total XP
 D = Non-vault monster count
 E = Vault monster count
 F = Vault count percentage of total count
                 A         B        C        D         E       F
            +---------+---------+-------+---------+---------+-------
      Total |     783 |     642 |  45.1 |      98 |       5 |   4.9
            +---------+---------+-------+---------+---------+-------
        D:1 |      44 |       0 |   0.0 |      26 |       0 |   0.0
        D:2 |      79 |       0 |   0.0 |      21 |       0 |   0.0
        D:3 |      81 |     642 |  88.8 |      16 |       5 |  23.8
        D:4 |     579 |       0 |   0.0 |      35 |       0 |   0.0
            +---------+---------+-------+---------+---------+-------
